 Dungeon Crawl Stone Soup version 0.31-a0-232-gb1c03b2570 (webtiles) character file.

Game seed: 9642747474466130179

2 qw the Vexing (level 1, 0/12 HPs)
             Began as a Gargoyle Hexslinger on July 7, 2023.
             Slain by a quokka (4 damage)
             ... on level 1 of the Dungeon.
             The game lasted 00:00:01 (24 turns).

qw the Vexing (Gargoyle Hexslinger)                   Turns: 24, Time: 00:00:01

Health: 0/12       AC:  4    Str: 11    XL:     1   Next: 30%
Magic:  2/2        EV: 12    Int: 13    God:
Gold:   0          SH:  0    Dex: 12    Spells: 1/2 levels left

rFire   . . .        a - +1 sling
rCold   . . .        (no shield)
rNeg    + . .        c - +0 robe
rPois   inf          (no helmet)
rElec   +            (no cloak)
rCorr   .            (no gloves)
SInv    .            (no boots)
Will    .....        (no amulet)
Stlth   +            (no ring)
HPRegen 0.22/turn    (no ring)
MPRegen 0.08/turn

%: no passive effects
@: no status effects
A: sickness immunity, AC +2, negative energy resistance 1, electricity
resistance, torment resistance 1, petrification resistance
a: no special abilities


You were on level 1 of the Dungeon.
You visited 1 branch of the dungeon, and saw 1 of its levels.


Innate Abilities, Weirdness & Mutations

You are immune to sickness and miasma.
Your stone body is resilient. (AC +2)
You are immune to poison.
You resist negative energy. (rN+)
You are resistant to electric shocks. (rElec)
You are resistant to unholy torment.
You are immune to petrification.


   Skills:
 - Level 1.1 Fighting
 + Level 2.2 Ranged Weapons
 - Level 1.5 Dodging
 - Level 1.0 Spellcasting
 - Level 2.6 Hexes


You had one spell level left.
You knew the following spells:

 Your Spells              Type           Power      Damage    Failure   Level
a - Slow                  Hex            28%        N/A       10%         1

Your spell library contained the following spells:

 Spells                   Type           Power      Damage    Failure   Level
 Inner Flame              Hex/Fire       4%         N/A       43%         3
 Portal Projectile        Hex/Tloc       8%         N/A       43%         3
 Cause Fear               Hex            3%         N/A       67%         4

Inventory:

Hand Weapons
 a - a +1 sling (weapon)
Armour
 c - a +0 robe (worn)
Scrolls
 b - a scroll of poison

Dungeon Overview and Level Annotations

Branches:
Dungeon (1/15)

Altars:


Message History

As you open the door, it creaks loudly!
You hear a shout!
There is an open door here.
A goblin, a quokka and a ball python come into view.
The ball python hisses angrily.
You shoot a sling bullet. The sling bullet hits the ball python.
The ball python is severely wounded.
An endoplasm comes into view.
The ball python barely misses you. x2
You shoot a sling bullet.
The sling bullet closely misses the ball python.
The ball python bites you but does no damage.
The ball python closely misses you.
You shoot a sling bullet.
The sling bullet hits the ball python but does no damage.
The ball python is severely wounded.
The ball python misses you. The ball python barely misses you.
The ball python misses you. The ball python barely misses you.
You shoot a sling bullet. The sling bullet hits the ball python.
You kill the ball python!
The goblin hits you with a +0 dagger.
The endoplasm hits you but does no damage.
You shoot a sling bullet.
The sling bullet completely misses the goblin.
The endoplasm freezes you.
You are frozen.
The goblin hits you but does no damage.
You shoot a sling bullet. The sling bullet hits the goblin.
The goblin is moderately wounded.
The endoplasm jiggles.
The endoplasm freezes you.
You are frozen.
The goblin hits you with a +0 dagger.
You shoot a sling bullet. The sling bullet hits the goblin.
You kill the goblin!
The endoplasm hits you.
The quokka bites you but does no damage.
The endoplasm freezes you.
You are frozen.
You shoot a sling bullet.
The sling bullet closely misses the quokka.
The quokka bites you.
You die...

#..<..# #.....#
##...##########
+###'##.'#...## .
#....#.....#
.}#.####.....#
..... ##.....#
.......#'#...##
#...#.#.J@#####
#####...##r......
#.... .####.. #.#
#### #. #


You could see an endoplasm and a quokka.

Vanquished Creatures
  A goblin (D:1)
  A ball python (D:1)
2 creatures vanquished.

Notes
Turn   | Place    | Note
-------+----------+-------------------------------------------
     0 | D:1      | qw the Gargoyle Hexslinger began the quest for the Orb.
     0 | D:1      | Reached XP level 1. HP: 12/12 MP: 2/2
     0 | D:1      | 0 ||| qw: Version: 0.3-a-46-gb1f654a
     0 | D:1      | 0 ||| qw: Game counter: 2546
     0 | D:1      | 0 ||| qw: Melee chars always use a shield: true
     0 | D:1      | 0 ||| qw: God list: Okawaru
     0 | D:1      | 0 ||| qw: Allow faded altars: false
     0 | D:1      | 0 ||| qw: Do Orc after clearing Dungeon:15 true
     0 | D:1      | 0 ||| qw: Do second Lair branch before Depths: true
     0 | D:1      | 0 ||| qw: Lair rune preference: random
     0 | D:1      | 0 ||| qw: Goals: Normal
     0 | D:1      | 0 ||| PLANNING D:1-11
    23 | D:1      | HP: 3/12 [frozen (3)]
    24 | D:1      | Slain by a quokka

Levels and vault maps discovered:
D:1:      noname_arrival_rooms_in_the_neighbourhood, layout_loops_cross,
          serial_forest, infiniplex_forest_corner_1, infiniplex_forest_split,
          infiniplex_forest_straight_5, infiniplex_forest_clump_small,
          infiniplex_forest_lined_corner, infiniplex_forest_straight_3,
          infiniplex_forest_clump_small, infiniplex_forest_clump_tiny,
          minivault_11

Action                     || total
---------------------------++-------
   Fire: Sling             ||     8
 Armour: Robe              ||     4
  Dodge: Dodged            ||     7

Table legend:
 A = Non-vault XP
 B = Vault XP
 C = Vault XP percentage of total XP
 D = Non-vault monster count
 E = Vault monster count
 F = Vault count percentage of total count
                 A         B        C        D         E       F
            +---------+---------+-------+---------+---------+-------
      Total |       3 |       0 |   0.0 |       2 |       0 |   0.0
            +---------+---------+-------+---------+---------+-------
        D:1 |       3 |       0 |   0.0 |       2 |       0 |   0.0
            +---------+---------+-------+---------+---------+-------
